%YAML 1.1
%TAG !u! tag:unity3d.com,2011:
--- !u!1 &1821331784728873476
GameObject:
  m_ObjectHideFlags: 0
  m_CorrespondingSourceObject: {fileID: 0}
  m_PrefabInstance: {fileID: 0}
  m_PrefabAsset: {fileID: 0}
  serializedVersion: 6
  m_Component:
  - component: {fileID: 3703440981940313196}
  - component: {fileID: 497575727421747819}
  - component: {fileID: 6758519186248396456}
  m_Layer: 5
  m_Name: Image (1)
  m_TagString: Untagged
  m_Icon: {fileID: 0}
  m_NavMeshLayer: 0
  m_StaticEditorFlags: 0
  m_IsActive: 1
--- !u!224 &3703440981940313196
RectTransform:
  m_ObjectHideFlags: 0
  m_CorrespondingSourceObject: {fileID: 0}
  m_PrefabInstance: {fileID: 0}
  m_PrefabAsset: {fileID: 0}
  m_GameObject: {fileID: 1821331784728873476}
  m_LocalRotation: {x: -0.3128871, y: 0.6341149, z: -0.63411474, w: -0.31288728}
  m_LocalPosition: {x: 0, y: 0, z: -0.26}
  m_LocalScale: {x: 0.010000005, y: 0.010000005, z: 0.0100000035}
  m_Children: []
  m_Father: {fileID: 44320583146082126}
  m_RootOrder: 1
  m_LocalEulerAnglesHint: {x: 90.00001, y: 0, z: -232.526}
  m_AnchorMin: {x: 0, y: 0}
  m_AnchorMax: {x: 1, y: 1}
  m_AnchoredPosition: {x: -492.95, y: -877.7815}
  m_SizeDelta: {x: -866.05994, y: -1729.4}
  m_Pivot: {x: 0.5, y: 0.5}
--- !u!222 &497575727421747819
CanvasRenderer:
  m_ObjectHideFlags: 0
  m_CorrespondingSourceObject: {fileID: 0}
  m_PrefabInstance: {fileID: 0}
  m_PrefabAsset: {fileID: 0}
  m_GameObject: {fileID: 1821331784728873476}
  m_CullTransparentMesh: 0
--- !u!114 &6758519186248396456
MonoBehaviour:
  m_ObjectHideFlags: 0
  m_CorrespondingSourceObject: {fileID: 0}
  m_PrefabInstance: {fileID: 0}
  m_PrefabAsset: {fileID: 0}
  m_GameObject: {fileID: 1821331784728873476}
  m_Enabled: 1
  m_EditorHideFlags: 0
  m_Script: {fileID: -765806418, guid: f70555f144d8491a825f0804e09c671c, type: 3}
  m_Name: 
  m_EditorClassIdentifier: 
  m_Material: {fileID: 0}
  m_Color: {r: 1, g: 1, b: 1, a: 1}
  m_RaycastTarget: 1
  m_OnCullStateChanged:
    m_PersistentCalls:
      m_Calls: []
    m_TypeName: UnityEngine.UI.MaskableGraphic+CullStateChangedEvent, UnityEngine.UI,
      Version=1.0.0.0, Culture=neutral, PublicKeyToken=null
  m_Sprite: {fileID: 2832200098165293003, guid: fc1118bda55ed4daea3cd547bcd04db6,
    type: 3}
  m_Type: 0
  m_PreserveAspect: 1
  m_FillCenter: 1
  m_FillMethod: 4
  m_FillAmount: 1
  m_FillClockwise: 1
  m_FillOrigin: 0
  m_UseSpriteMesh: 0
--- !u!1 &2693381236494645225
GameObject:
  m_ObjectHideFlags: 0
  m_CorrespondingSourceObject: {fileID: 0}
  m_PrefabInstance: {fileID: 0}
  m_PrefabAsset: {fileID: 0}
  serializedVersion: 6
  m_Component:
  - component: {fileID: 4446727171633385710}
  - component: {fileID: 5169772811123549139}
  m_Layer: 0
  m_Name: Level 4
  m_TagString: Untagged
  m_Icon: {fileID: 0}
  m_NavMeshLayer: 0
  m_StaticEditorFlags: 0
  m_IsActive: 1
--- !u!4 &4446727171633385710
Transform:
  m_ObjectHideFlags: 0
  m_CorrespondingSourceObject: {fileID: 0}
  m_PrefabInstance: {fileID: 0}
  m_PrefabAsset: {fileID: 0}
  m_GameObject: {fileID: 2693381236494645225}
  m_LocalRotation: {x: 0, y: 0, z: 0, w: 1}
  m_LocalPosition: {x: 0, y: 0, z: 0}
  m_LocalScale: {x: 5, y: 5, z: 5}
  m_Children:
  - {fileID: 1765826394572607572}
  - {fileID: 7286590026704146948}
  - {fileID: 4519758748818884121}
  - {fileID: 4006363892450484190}
  - {fileID: 107503389193631500}
  - {fileID: 44320583146082126}
  m_Father: {fileID: 0}
  m_RootOrder: 0
  m_LocalEulerAnglesHint: {x: 0, y: 0, z: 0}
--- !u!114 &5169772811123549139
MonoBehaviour:
  m_ObjectHideFlags: 0
  m_CorrespondingSourceObject: {fileID: 0}
  m_PrefabInstance: {fileID: 0}
  m_PrefabAsset: {fileID: 0}
  m_GameObject: {fileID: 2693381236494645225}
  m_Enabled: 1
  m_EditorHideFlags: 0
  m_Script: {fileID: 11500000, guid: 0d38a2a67a6d84fcb984cf7eafb31f9d, type: 3}
  m_Name: 
  m_EditorClassIdentifier: 
  threeStars: 3
  twoStars: 4
  oneStar: 6
  currentStars: 0
  startPoint: {fileID: 4528303407473640004}
  endPoint: {fileID: 6365113858250276714}
  unlockableCoinImage: {fileID: -8759557111339203485, guid: b00d7a6861ab34c0585d63d535d5172b,
    type: 3}
--- !u!1 &4528303407473640004
GameObject:
  m_ObjectHideFlags: 0
  m_CorrespondingSourceObject: {fileID: 0}
  m_PrefabInstance: {fileID: 0}
  m_PrefabAsset: {fileID: 0}
  serializedVersion: 6
  m_Component:
  - component: {fileID: 4006363892450484190}
  - component: {fileID: 863730492873693429}
  m_Layer: 0
  m_Name: Start
  m_TagString: Start
  m_Icon: {fileID: 0}
  m_NavMeshLayer: 0
  m_StaticEditorFlags: 0
  m_IsActive: 1
--- !u!4 &4006363892450484190
Transform:
  m_ObjectHideFlags: 0
  m_CorrespondingSourceObject: {fileID: 0}
  m_PrefabInstance: {fileID: 0}
  m_PrefabAsset: {fileID: 0}
  m_GameObject: {fileID: 4528303407473640004}
  m_LocalRotation: {x: 0, y: 0, z: 0, w: 1}
  m_LocalPosition: {x: -0.5854, y: 0.16, z: -0.217}
  m_LocalScale: {x: 1, y: 1, z: 1}
  m_Children: []
  m_Father: {fileID: 4446727171633385710}
  m_RootOrder: 3
  m_LocalEulerAnglesHint: {x: 0, y: 0, z: 0}
--- !u!135 &863730492873693429
SphereCollider:
  m_ObjectHideFlags: 0
  m_CorrespondingSourceObject: {fileID: 0}
  m_PrefabInstance: {fileID: 0}
  m_PrefabAsset: {fileID: 0}
  m_GameObject: {fileID: 4528303407473640004}
  m_Material: {fileID: 0}
  m_IsTrigger: 1
  m_Enabled: 1
  serializedVersion: 2
  m_Radius: 0.05
  m_Center: {x: 0, y: 0, z: 0}
--- !u!1 &7221262444416122652
GameObject:
  m_ObjectHideFlags: 0
  m_CorrespondingSourceObject: {fileID: 0}
  m_PrefabInstance: {fileID: 0}
  m_PrefabAsset: {fileID: 0}
  serializedVersion: 6
  m_Component:
  - component: {fileID: 4519758748818884121}
  m_Layer: 0
  m_Name: Objects
  m_TagString: Untagged
  m_Icon: {fileID: 0}
  m_NavMeshLayer: 0
  m_StaticEditorFlags: 0
  m_IsActive: 1
--- !u!4 &4519758748818884121
Transform:
  m_ObjectHideFlags: 0
  m_CorrespondingSourceObject: {fileID: 0}
  m_PrefabInstance: {fileID: 0}
  m_PrefabAsset: {fileID: 0}
  m_GameObject: {fileID: 7221262444416122652}
  m_LocalRotation: {x: -0, y: -0, z: -0, w: 1}
  m_LocalPosition: {x: 0.19, y: -0.004, z: 0.223}
  m_LocalScale: {x: 1, y: 1, z: 1}
  m_Children:
  - {fileID: 2963273774393189214}
  - {fileID: 4272235392338060793}
  - {fileID: 428276281000397503}
  - {fileID: 7688484809053055891}
  - {fileID: 5459782583584203488}
  - {fileID: 5475860143491701328}
  - {fileID: 8225964620764526634}
  - {fileID: 4325189980935105665}
  - {fileID: 5495896560643113003}
  m_Father: {fileID: 4446727171633385710}
  m_RootOrder: 2
  m_LocalEulerAnglesHint: {x: 0, y: 0, z: 0}
--- !u!1 &8088490583352060478
GameObject:
  m_ObjectHideFlags: 0
  m_CorrespondingSourceObject: {fileID: 0}
  m_PrefabInstance: {fileID: 0}
  m_PrefabAsset: {fileID: 0}
  serializedVersion: 6
  m_Component:
  - component: {fileID: 3175836599547051235}
  - component: {fileID: 5285317795876123298}
  - component: {fileID: 5431317070202260816}
  m_Layer: 5
  m_Name: Image
  m_TagString: Untagged
  m_Icon: {fileID: 0}
  m_NavMeshLayer: 0
  m_StaticEditorFlags: 0
  m_IsActive: 1
--- !u!224 &3175836599547051235
RectTransform:
  m_ObjectHideFlags: 0
  m_CorrespondingSourceObject: {fileID: 0}
  m_PrefabInstance: {fileID: 0}
  m_PrefabAsset: {fileID: 0}
  m_GameObject: {fileID: 8088490583352060478}
  m_LocalRotation: {x: 0.27521402, y: 0.65135044, z: -0.6513503, w: 0.27521387}
  m_LocalPosition: {x: 0, y: 0, z: -0.14001907}
  m_LocalScale: {x: 0.01, y: 0.0100000035, z: 0.0100000035}
  m_Children: []
  m_Father: {fileID: 44320583146082126}
  m_RootOrder: 0
  m_LocalEulerAnglesHint: {x: 90.00001, y: 0, z: -134.18901}
  m_AnchorMin: {x: 0, y: 0}
  m_AnchorMax: {x: 1, y: 1}
  m_AnchoredPosition: {x: -498.06, y: -877.781}
  m_SizeDelta: {x: -866.05994, y: -1729.4}
  m_Pivot: {x: 0.5, y: 0.5}
--- !u!222 &5285317795876123298
CanvasRenderer:
  m_ObjectHideFlags: 0
  m_CorrespondingSourceObject: {fileID: 0}
  m_PrefabInstance: {fileID: 0}
  m_PrefabAsset: {fileID: 0}
  m_GameObject: {fileID: 8088490583352060478}
  m_CullTransparentMesh: 0
--- !u!114 &5431317070202260816
MonoBehaviour:
  m_ObjectHideFlags: 0
  m_CorrespondingSourceObject: {fileID: 0}
  m_PrefabInstance: {fileID: 0}
  m_PrefabAsset: {fileID: 0}
  m_GameObject: {fileID: 8088490583352060478}
  m_Enabled: 1
  m_EditorHideFlags: 0
  m_Script: {fileID: -765806418, guid: f70555f144d8491a825f0804e09c671c, type: 3}
  m_Name: 
  m_EditorClassIdentifier: 
  m_Material: {fileID: 0}
  m_Color: {r: 1, g: 1, b: 1, a: 1}
  m_RaycastTarget: 1
  m_OnCullStateChanged:
    m_PersistentCalls:
      m_Calls: []
    m_TypeName: UnityEngine.UI.MaskableGraphic+CullStateChangedEvent, UnityEngine.UI,
      Version=1.0.0.0, Culture=neutral, PublicKeyToken=null
  m_Sprite: {fileID: 2832200098165293003, guid: fc1118bda55ed4daea3cd547bcd04db6,
    type: 3}
  m_Type: 0
  m_PreserveAspect: 1
  m_FillCenter: 1
  m_FillMethod: 4
  m_FillAmount: 1
  m_FillClockwise: 1
  m_FillOrigin: 0
  m_UseSpriteMesh: 0
--- !u!1 &8201805512294199271
GameObject:
  m_ObjectHideFlags: 0
  m_CorrespondingSourceObject: {fileID: 0}
  m_PrefabInstance: {fileID: 0}
  m_PrefabAsset: {fileID: 0}
  serializedVersion: 6
  m_Component:
  - component: {fileID: 44320583146082126}
  - component: {fileID: 2825626979031378039}
  - component: {fileID: 1066457009134284658}
  - component: {fileID: 7661461456260946578}
  m_Layer: 5
  m_Name: Canvas
  m_TagString: Untagged
  m_Icon: {fileID: 0}
  m_NavMeshLayer: 0
  m_StaticEditorFlags: 0
  m_IsActive: 1
--- !u!224 &44320583146082126
RectTransform:
  m_ObjectHideFlags: 0
  m_CorrespondingSourceObject: {fileID: 0}
  m_PrefabInstance: {fileID: 0}
  m_PrefabAsset: {fileID: 0}
  m_GameObject: {fileID: 8201805512294199271}
  m_LocalRotation: {x: -0, y: -0, z: -0, w: 1}
  m_LocalPosition: {x: 0, y: 0, z: 0}
  m_LocalScale: {x: 0.1, y: 0.1, z: 0.1}
  m_Children:
  - {fileID: 3175836599547051235}
  - {fileID: 3703440981940313196}
  m_Father: {fileID: 4446727171633385710}
  m_RootOrder: 5
  m_LocalEulerAnglesHint: {x: 0, y: 0, z: 0}
  m_AnchorMin: {x: 0, y: 0}
  m_AnchorMax: {x: 0, y: 0}
  m_AnchoredPosition: {x: 49.399994, y: 87.79999}
  m_SizeDelta: {x: 988, y: 1756}
  m_Pivot: {x: 0.5, y: 0.5}
--- !u!223 &2825626979031378039
Canvas:
  m_ObjectHideFlags: 0
  m_CorrespondingSourceObject: {fileID: 0}
  m_PrefabInstance: {fileID: 0}
  m_PrefabAsset: {fileID: 0}
  m_GameObject: {fileID: 8201805512294199271}
  m_Enabled: 1
  serializedVersion: 3
  m_RenderMode: 2
  m_Camera: {fileID: 0}
  m_PlaneDistance: 100
  m_PixelPerfect: 0
  m_ReceivesEvents: 1
  m_OverrideSorting: 0
  m_OverridePixelPerfect: 0
  m_SortingBucketNormalizedSize: 0
  m_AdditionalShaderChannelsFlag: 25
  m_SortingLayerID: 0
  m_SortingOrder: 0
  m_TargetDisplay: 0
--- !u!114 &1066457009134284658
MonoBehaviour:
  m_ObjectHideFlags: 0
  m_CorrespondingSourceObject: {fileID: 0}
  m_PrefabInstance: {fileID: 0}
  m_PrefabAsset: {fileID: 0}
  m_GameObject: {fileID: 8201805512294199271}
  m_Enabled: 1
  m_EditorHideFlags: 0
  m_Script: {fileID: 1980459831, guid: f70555f144d8491a825f0804e09c671c, type: 3}
  m_Name: 
  m_EditorClassIdentifier: 
  m_UiScaleMode: 0
  m_ReferencePixelsPerUnit: 100
  m_ScaleFactor: 1
  m_ReferenceResolution: {x: 800, y: 600}
  m_ScreenMatchMode: 0
  m_MatchWidthOrHeight: 0
  m_PhysicalUnit: 3
  m_FallbackScreenDPI: 96
  m_DefaultSpriteDPI: 96
  m_DynamicPixelsPerUnit: 1
--- !u!114 &7661461456260946578
MonoBehaviour:
  m_ObjectHideFlags: 0
  m_CorrespondingSourceObject: {fileID: 0}
  m_PrefabInstance: {fileID: 0}
  m_PrefabAsset: {fileID: 0}
  m_GameObject: {fileID: 8201805512294199271}
  m_Enabled: 1
  m_EditorHideFlags: 0
  m_Script: {fileID: 1301386320, guid: f70555f144d8491a825f0804e09c671c, type: 3}
  m_Name: 
  m_EditorClassIdentifier: 
  m_IgnoreReversedGraphics: 1
  m_BlockingObjects: 0
  m_BlockingMask:
    serializedVersion: 2
    m_Bits: 4294967295
--- !u!1001 &1417104845343188781
PrefabInstance:
  m_ObjectHideFlags: 0
  serializedVersion: 2
  m_Modification:
    m_TransformParent: {fileID: 4446727171633385710}
    m_Modifications:
    - target: {fileID: 4427233329325983082, guid: 68c259836f6ad774bb1229d6b4d6a142,
        type: 3}
      propertyPath: m_Name
      value: Ground
      objectReference: {fileID: 0}
    - target: {fileID: 804992703378503545, guid: 68c259836f6ad774bb1229d6b4d6a142,
        type: 3}
      propertyPath: m_LocalPosition.x
      value: -0
      objectReference: {fileID: 0}
    - target: {fileID: 804992703378503545, guid: 68c259836f6ad774bb1229d6b4d6a142,
        type: 3}
      propertyPath: m_LocalPosition.y
      value: -0.7
      objectReference: {fileID: 0}
    - target: {fileID: 804992703378503545, guid: 68c259836f6ad774bb1229d6b4d6a142,
        type: 3}
      propertyPath: m_LocalPosition.z
      value: 0
      objectReference: {fileID: 0}
    - target: {fileID: 804992703378503545, guid: 68c259836f6ad774bb1229d6b4d6a142,
        type: 3}
      propertyPath: m_LocalRotation.x
      value: -0.7071068
      objectReference: {fileID: 0}
    - target: {fileID: 804992703378503545, guid: 68c259836f6ad774bb1229d6b4d6a142,
        type: 3}
      propertyPath: m_LocalRotation.y
      value: 0
      objectReference: {fileID: 0}
    - target: {fileID: 804992703378503545, guid: 68c259836f6ad774bb1229d6b4d6a142,
        type: 3}
      propertyPath: m_LocalRotation.z
      value: -0
      objectReference: {fileID: 0}
    - target: {fileID: 804992703378503545, guid: 68c259836f6ad774bb1229d6b4d6a142,
        type: 3}
      propertyPath: m_LocalRotation.w
      value: 0.7071068
      objectReference: {fileID: 0}
    - target: {fileID: 804992703378503545, guid: 68c259836f6ad774bb1229d6b4d6a142,
        type: 3}
      propertyPath: m_RootOrder
      value: 0
      objectReference: {fileID: 0}
    - target: {fileID: 804992703378503545, guid: 68c259836f6ad774bb1229d6b4d6a142,
        type: 3}
      propertyPath: m_LocalEulerAnglesHint.x
      value: 0
      objectReference: {fileID: 0}
    - target: {fileID: 804992703378503545, guid: 68c259836f6ad774bb1229d6b4d6a142,
        type: 3}
      propertyPath: m_LocalEulerAnglesHint.y
      value: 0
      objectReference: {fileID: 0}
    - target: {fileID: 804992703378503545, guid: 68c259836f6ad774bb1229d6b4d6a142,
        type: 3}
      propertyPath: m_LocalEulerAnglesHint.z
      value: 0
      objectReference: {fileID: 0}
    - target: {fileID: 2687636658474250678, guid: 68c259836f6ad774bb1229d6b4d6a142,
        type: 3}
      propertyPath: m_Materials.Array.data[0]
      value: 
      objectReference: {fileID: 2100000, guid: 5f49491d5a68bff4db916d0ad86d0462, type: 2}
    m_RemovedComponents: []
  m_SourcePrefab: {fileID: 100100000, guid: 68c259836f6ad774bb1229d6b4d6a142, type: 3}
--- !u!4 &1765826394572607572 stripped
Transform:
  m_CorrespondingSourceObject: {fileID: 804992703378503545, guid: 68c259836f6ad774bb1229d6b4d6a142,
    type: 3}
  m_PrefabInstance: {fileID: 1417104845343188781}
  m_PrefabAsset: {fileID: 0}
--- !u!1001 &3017232248846806716
PrefabInstance:
  m_ObjectHideFlags: 0
  serializedVersion: 2
  m_Modification:
    m_TransformParent: {fileID: 4446727171633385710}
    m_Modifications:
    - target: {fileID: 8181406554276336086, guid: 1f9ffc59fd18242be8a884fa2a4da12c,
        type: 3}
      propertyPath: m_Name
      value: End
      objectReference: {fileID: 0}
    - target: {fileID: 2928097861400041904, guid: 1f9ffc59fd18242be8a884fa2a4da12c,
        type: 3}
      propertyPath: m_LocalPosition.x
      value: 0.218
      objectReference: {fileID: 0}
    - target: {fileID: 2928097861400041904, guid: 1f9ffc59fd18242be8a884fa2a4da12c,
        type: 3}
      propertyPath: m_LocalPosition.y
      value: 0.0128
      objectReference: {fileID: 0}
    - target: {fileID: 2928097861400041904, guid: 1f9ffc59fd18242be8a884fa2a4da12c,
        type: 3}
      propertyPath: m_LocalPosition.z
      value: -0.188
      objectReference: {fileID: 0}
    - target: {fileID: 2928097861400041904, guid: 1f9ffc59fd18242be8a884fa2a4da12c,
        type: 3}
      propertyPath: m_LocalRotation.x
      value: 0.32710153
      objectReference: {fileID: 0}
    - target: {fileID: 2928097861400041904, guid: 1f9ffc59fd18242be8a884fa2a4da12c,
        type: 3}
      propertyPath: m_LocalRotation.y
      value: 0.6269015
      objectReference: {fileID: 0}
    - target: {fileID: 2928097861400041904, guid: 1f9ffc59fd18242be8a884fa2a4da12c,
        type: 3}
      propertyPath: m_LocalRotation.z
      value: -0.6269001
      objectReference: {fileID: 0}
    - target: {fileID: 2928097861400041904, guid: 1f9ffc59fd18242be8a884fa2a4da12c,
        type: 3}
      propertyPath: m_LocalRotation.w
      value: 0.32710165
      objectReference: {fileID: 0}
    - target: {fileID: 2928097861400041904, guid: 1f9ffc59fd18242be8a884fa2a4da12c,
        type: 3}
      propertyPath: m_RootOrder
      value: 4
      objectReference: {fileID: 0}
    - target: {fileID: 2928097861400041904, guid: 1f9ffc59fd18242be8a884fa2a4da12c,
        type: 3}
      propertyPath: m_LocalEulerAnglesHint.x
      value: 90.00001
      objectReference: {fileID: 0}
    - target: {fileID: 2928097861400041904, guid: 1f9ffc59fd18242be8a884fa2a4da12c,
        type: 3}
      propertyPath: m_LocalEulerAnglesHint.y
      value: 0
      objectReference: {fileID: 0}
    - target: {fileID: 2928097861400041904, guid: 1f9ffc59fd18242be8a884fa2a4da12c,
        type: 3}
      propertyPath: m_LocalEulerAnglesHint.z
      value: -124.89101
      objectReference: {fileID: 0}
    m_RemovedComponents: []
  m_SourcePrefab: {fileID: 100100000, guid: 1f9ffc59fd18242be8a884fa2a4da12c, type: 3}
--- !u!4 &107503389193631500 stripped
Transform:
  m_CorrespondingSourceObject: {fileID: 2928097861400041904, guid: 1f9ffc59fd18242be8a884fa2a4da12c,
    type: 3}
  m_PrefabInstance: {fileID: 3017232248846806716}
  m_PrefabAsset: {fileID: 0}
--- !u!1 &6365113858250276714 stripped
GameObject:
  m_CorrespondingSourceObject: {fileID: 8181406554276336086, guid: 1f9ffc59fd18242be8a884fa2a4da12c,
    type: 3}
  m_PrefabInstance: {fileID: 3017232248846806716}
  m_PrefabAsset: {fileID: 0}
--- !u!1001 &3046258440452204910
PrefabInstance:
  m_ObjectHideFlags: 0
  serializedVersion: 2
  m_Modification:
    m_TransformParent: {fileID: 4519758748818884121}
    m_Modifications:
    - target: {fileID: 3819769355731302435, guid: 60fd69f5ece6cf84c94e9c6477548a04,
        type: 3}
      propertyPath: m_Name
      value: Beer bottle
      objectReference: {fileID: 0}
    - target: {fileID: 241455112938031664, guid: 60fd69f5ece6cf84c94e9c6477548a04,
        type: 3}
      propertyPath: m_LocalPosition.x
      value: -0.438
      objectReference: {fileID: 0}
    - target: {fileID: 241455112938031664, guid: 60fd69f5ece6cf84c94e9c6477548a04,
        type: 3}
      propertyPath: m_LocalPosition.y
      value: 0.020000005
      objectReference: {fileID: 0}
    - target: {fileID: 241455112938031664, guid: 60fd69f5ece6cf84c94e9c6477548a04,
        type: 3}
      propertyPath: m_LocalPosition.z
      value: 0.128
      objectReference: {fileID: 0}
    - target: {fileID: 241455112938031664, guid: 60fd69f5ece6cf84c94e9c6477548a04,
        type: 3}
      propertyPath: m_LocalRotation.x
      value: 0.5035496
      objectReference: {fileID: 0}
    - target: {fileID: 241455112938031664, guid: 60fd69f5ece6cf84c94e9c6477548a04,
        type: 3}
      propertyPath: m_LocalRotation.y
      value: -0.49642456
      objectReference: {fileID: 0}
    - target: {fileID: 241455112938031664, guid: 60fd69f5ece6cf84c94e9c6477548a04,
        type: 3}
      propertyPath: m_LocalRotation.z
      value: -0.4964244
      objectReference: {fileID: 0}
    - target: {fileID: 241455112938031664, guid: 60fd69f5ece6cf84c94e9c6477548a04,
        type: 3}
      propertyPath: m_LocalRotation.w
      value: -0.50355077
      objectReference: {fileID: 0}
    - target: {fileID: 241455112938031664, guid: 60fd69f5ece6cf84c94e9c6477548a04,
        type: 3}
      propertyPath: m_RootOrder
      value: 0
      objectReference: {fileID: 0}
    - target: {fileID: 241455112938031664, guid: 60fd69f5ece6cf84c94e9c6477548a04,
        type: 3}
      propertyPath: m_LocalEulerAnglesHint.x
      value: -90.00001
      objectReference: {fileID: 0}
    - target: {fileID: 241455112938031664, guid: 60fd69f5ece6cf84c94e9c6477548a04,
        type: 3}
      propertyPath: m_LocalEulerAnglesHint.y
      value: 0
      objectReference: {fileID: 0}
    - target: {fileID: 241455112938031664, guid: 60fd69f5ece6cf84c94e9c6477548a04,
        type: 3}
      propertyPath: m_LocalEulerAnglesHint.z
      value: 449.183
      objectReference: {fileID: 0}
    m_RemovedComponents: []
  m_SourcePrefab: {fileID: 100100000, guid: 60fd69f5ece6cf84c94e9c6477548a04, type: 3}
--- !u!4 &2963273774393189214 stripped
Transform:
  m_CorrespondingSourceObject: {fileID: 241455112938031664, guid: 60fd69f5ece6cf84c94e9c6477548a04,
    type: 3}
  m_PrefabInstance: {fileID: 3046258440452204910}
  m_PrefabAsset: {fileID: 0}
--- !u!1001 &4040807836277993417
PrefabInstance:
  m_ObjectHideFlags: 0
  serializedVersion: 2
  m_Modification:
    m_TransformParent: {fileID: 4519758748818884121}
    m_Modifications:
    - target: {fileID: 3819769355731302435, guid: 60fd69f5ece6cf84c94e9c6477548a04,
        type: 3}
      propertyPath: m_Name
      value: Beer bottle (1)
      objectReference: {fileID: 0}
    - target: {fileID: 241455112938031664, guid: 60fd69f5ece6cf84c94e9c6477548a04,
        type: 3}
      propertyPath: m_LocalPosition.x
      value: -0.172
      objectReference: {fileID: 0}
    - target: {fileID: 241455112938031664, guid: 60fd69f5ece6cf84c94e9c6477548a04,
        type: 3}
      propertyPath: m_LocalPosition.y
      value: 0.02
      objectReference: {fileID: 0}
    - target: {fileID: 241455112938031664, guid: 60fd69f5ece6cf84c94e9c6477548a04,
        type: 3}
      propertyPath: m_LocalPosition.z
      value: -0.379
      objectReference: {fileID: 0}
    - target: {fileID: 241455112938031664, guid: 60fd69f5ece6cf84c94e9c6477548a04,
        type: 3}
      propertyPath: m_LocalRotation.x
      value: 0.67458093
      objectReference: {fileID: 0}
    - target: {fileID: 241455112938031664, guid: 60fd69f5ece6cf84c94e9c6477548a04,
        type: 3}
      propertyPath: m_LocalRotation.y
      value: -0.21198995
      objectReference: {fileID: 0}
    - target: {fileID: 241455112938031664, guid: 60fd69f5ece6cf84c94e9c6477548a04,
        type: 3}
      propertyPath: m_LocalRotation.z
      value: -0.21199042
      objectReference: {fileID: 0}
    - target: {fileID: 241455112938031664, guid: 60fd69f5ece6cf84c94e9c6477548a04,
        type: 3}
      propertyPath: m_LocalRotation.w
      value: -0.674582
      objectReference: {fileID: 0}
    - target: {fileID: 241455112938031664, guid: 60fd69f5ece6cf84c94e9c6477548a04,
        type: 3}
      propertyPath: m_RootOrder
      value: 1
      objectReference: {fileID: 0}
    - target: {fileID: 241455112938031664, guid: 60fd69f5ece6cf84c94e9c6477548a04,
        type: 3}
      propertyPath: m_LocalEulerAnglesHint.x
      value: -90.00001
      objectReference: {fileID: 0}
    - target: {fileID: 241455112938031664, guid: 60fd69f5ece6cf84c94e9c6477548a04,
        type: 3}
      propertyPath: m_LocalEulerAnglesHint.y
      value: 0
      objectReference: {fileID: 0}
    - target: {fileID: 241455112938031664, guid: 60fd69f5ece6cf84c94e9c6477548a04,
        type: 3}
      propertyPath: m_LocalEulerAnglesHint.z
      value: 394.891
      objectReference: {fileID: 0}
    m_RemovedComponents: []
  m_SourcePrefab: {fileID: 100100000, guid: 60fd69f5ece6cf84c94e9c6477548a04, type: 3}
--- !u!4 &4272235392338060793 stripped
Transform:
  m_CorrespondingSourceObject: {fileID: 241455112938031664, guid: 60fd69f5ece6cf84c94e9c6477548a04,
    type: 3}
  m_PrefabInstance: {fileID: 4040807836277993417}
  m_PrefabAsset: {fileID: 0}
--- !u!1001 &5232295944283302096
PrefabInstance:
  m_ObjectHideFlags: 0
  serializedVersion: 2
  m_Modification:
    m_TransformParent: {fileID: 4519758748818884121}
    m_Modifications:
    - target: {fileID: 3819769355731302435, guid: 60fd69f5ece6cf84c94e9c6477548a04,
        type: 3}
      propertyPath: m_Name
      value: Beer bottle (4)
      objectReference: {fileID: 0}
    - target: {fileID: 241455112938031664, guid: 60fd69f5ece6cf84c94e9c6477548a04,
        type: 3}
      propertyPath: m_LocalPosition.x
      value: -0.299
      objectReference: {fileID: 0}
    - target: {fileID: 241455112938031664, guid: 60fd69f5ece6cf84c94e9c6477548a04,
        type: 3}
      propertyPath: m_LocalPosition.y
      value: 0.02
      objectReference: {fileID: 0}
    - target: {fileID: 241455112938031664, guid: 60fd69f5ece6cf84c94e9c6477548a04,
        type: 3}
      propertyPath: m_LocalPosition.z
      value: 0.122
      objectReference: {fileID: 0}
    - target: {fileID: 241455112938031664, guid: 60fd69f5ece6cf84c94e9c6477548a04,
        type: 3}
      propertyPath: m_LocalRotation.x
      value: 0.67458093
      objectReference: {fileID: 0}
    - target: {fileID: 241455112938031664, guid: 60fd69f5ece6cf84c94e9c6477548a04,
        type: 3}
      propertyPath: m_LocalRotation.y
      value: -0.21198995
      objectReference: {fileID: 0}
    - target: {fileID: 241455112938031664, guid: 60fd69f5ece6cf84c94e9c6477548a04,
        type: 3}
      propertyPath: m_LocalRotation.z
      value: -0.21199042
      objectReference: {fileID: 0}
    - target: {fileID: 241455112938031664, guid: 60fd69f5ece6cf84c94e9c6477548a04,
        type: 3}
      propertyPath: m_LocalRotation.w
      value: -0.674582
      objectReference: {fileID: 0}
    - target: {fileID: 241455112938031664, guid: 60fd69f5ece6cf84c94e9c6477548a04,
        type: 3}
      propertyPath: m_RootOrder
      value: 4
      objectReference: {fileID: 0}
    - target: {fileID: 241455112938031664, guid: 60fd69f5ece6cf84c94e9c6477548a04,
        type: 3}
      propertyPath: m_LocalEulerAnglesHint.x
      value: -90.00001
      objectReference: {fileID: 0}
    - target: {fileID: 241455112938031664, guid: 60fd69f5ece6cf84c94e9c6477548a04,
        type: 3}
      propertyPath: m_LocalEulerAnglesHint.y
      value: 0
      objectReference: {fileID: 0}
    - target: {fileID: 241455112938031664, guid: 60fd69f5ece6cf84c94e9c6477548a04,
        type: 3}
      propertyPath: m_LocalEulerAnglesHint.z
      value: 394.891
      objectReference: {fileID: 0}
    m_RemovedComponents: []
  m_SourcePrefab: {fileID: 100100000, guid: 60fd69f5ece6cf84c94e9c6477548a04, type: 3}
--- !u!4 &5459782583584203488 stripped
Transform:
  m_CorrespondingSourceObject: {fileID: 241455112938031664, guid: 60fd69f5ece6cf84c94e9c6477548a04,
    type: 3}
  m_PrefabInstance: {fileID: 5232295944283302096}
  m_PrefabAsset: {fileID: 0}
--- !u!1001 &5235430085545513056
PrefabInstance:
  m_ObjectHideFlags: 0
  serializedVersion: 2
  m_Modification:
    m_TransformParent: {fileID: 4519758748818884121}
    m_Modifications:
    - target: {fileID: 3819769355731302435, guid: 60fd69f5ece6cf84c94e9c6477548a04,
        type: 3}
      propertyPath: m_Name
      value: Beer bottle (6)
      objectReference: {fileID: 0}
    - target: {fileID: 241455112938031664, guid: 60fd69f5ece6cf84c94e9c6477548a04,
        type: 3}
      propertyPath: m_LocalPosition.x
      value: -0.364
      objectReference: {fileID: 0}
    - target: {fileID: 241455112938031664, guid: 60fd69f5ece6cf84c94e9c6477548a04,
        type: 3}
      propertyPath: m_LocalPosition.y
      value: 0.020000005
      objectReference: {fileID: 0}
    - target: {fileID: 241455112938031664, guid: 60fd69f5ece6cf84c94e9c6477548a04,
        type: 3}
      propertyPath: m_LocalPosition.z
      value: 0.14
      objectReference: {fileID: 0}
    - target: {fileID: 241455112938031664, guid: 60fd69f5ece6cf84c94e9c6477548a04,
        type: 3}
      propertyPath: m_LocalRotation.x
      value: 0.70166117
      objectReference: {fileID: 0}
    - target: {fileID: 241455112938031664, guid: 60fd69f5ece6cf84c94e9c6477548a04,
        type: 3}
      propertyPath: m_LocalRotation.y
      value: 0.087583974
      objectReference: {fileID: 0}
    - target: {fileID: 241455112938031664, guid: 60fd69f5ece6cf84c94e9c6477548a04,
        type: 3}
      propertyPath: m_LocalRotation.z
      value: 0.08758309
      objectReference: {fileID: 0}
    - target: {fileID: 241455112938031664, guid: 60fd69f5ece6cf84c94e9c6477548a04,
        type: 3}
      propertyPath: m_LocalRotation.w
      value: -0.70166224
      objectReference: {fileID: 0}
    - target: {fileID: 241455112938031664, guid: 60fd69f5ece6cf84c94e9c6477548a04,
        type: 3}
      propertyPath: m_RootOrder
      value: 5
      objectReference: {fileID: 0}
    - target: {fileID: 241455112938031664, guid: 60fd69f5ece6cf84c94e9c6477548a04,
        type: 3}
      propertyPath: m_LocalEulerAnglesHint.x
      value: -90.00001
      objectReference: {fileID: 0}
    - target: {fileID: 241455112938031664, guid: 60fd69f5ece6cf84c94e9c6477548a04,
        type: 3}
      propertyPath: m_LocalEulerAnglesHint.y
      value: 0
      objectReference: {fileID: 0}
    - target: {fileID: 241455112938031664, guid: 60fd69f5ece6cf84c94e9c6477548a04,
        type: 3}
      propertyPath: m_LocalEulerAnglesHint.z
      value: 345.77
      objectReference: {fileID: 0}
    m_RemovedComponents: []
  m_SourcePrefab: {fileID: 100100000, guid: 60fd69f5ece6cf84c94e9c6477548a04, type: 3}
--- !u!4 &5475860143491701328 stripped
Transform:
  m_CorrespondingSourceObject: {fileID: 241455112938031664, guid: 60fd69f5ece6cf84c94e9c6477548a04,
    type: 3}
  m_PrefabInstance: {fileID: 5235430085545513056}
  m_PrefabAsset: {fileID: 0}
--- !u!1001 &5523896292926010787
PrefabInstance:
  m_ObjectHideFlags: 0
  serializedVersion: 2
  m_Modification:
    m_TransformParent: {fileID: 4519758748818884121}
    m_Modifications:
    - target: {fileID: 5113172097649240881, guid: f76bc534d0e244d4a87835ede1011540,
        type: 3}
      propertyPath: m_Name
      value: Unlucky_strikes (1)
      objectReference: {fileID: 0}
    - target: {fileID: 8119703389493041442, guid: f76bc534d0e244d4a87835ede1011540,
        type: 3}
      propertyPath: m_LocalPosition.x
      value: -0.26
      objectReference: {fileID: 0}
    - target: {fileID: 8119703389493041442, guid: f76bc534d0e244d4a87835ede1011540,
        type: 3}
      propertyPath: m_LocalPosition.y
      value: 0.02
      objectReference: {fileID: 0}
    - target: {fileID: 8119703389493041442, guid: f76bc534d0e244d4a87835ede1011540,
        type: 3}
      propertyPath: m_LocalPosition.z
      value: -0.038
      objectReference: {fileID: 0}
    - target: {fileID: 8119703389493041442, guid: f76bc534d0e244d4a87835ede1011540,
        type: 3}
      propertyPath: m_LocalRotation.x
      value: -0.6171094
      objectReference: {fileID: 0}
    - target: {fileID: 8119703389493041442, guid: f76bc534d0e244d4a87835ede1011540,
        type: 3}
      propertyPath: m_LocalRotation.y
      value: 0.6171087
      objectReference: {fileID: 0}
    - target: {fileID: 8119703389493041442, guid: f76bc534d0e244d4a87835ede1011540,
        type: 3}
      propertyPath: m_LocalRotation.z
      value: 0.34521958
      objectReference: {fileID: 0}
    - target: {fileID: 8119703389493041442, guid: f76bc534d0e244d4a87835ede1011540,
        type: 3}
      propertyPath: m_LocalRotation.w
      value: -0.3452191
      objectReference: {fileID: 0}
    - target: {fileID: 8119703389493041442, guid: f76bc534d0e244d4a87835ede1011540,
        type: 3}
      propertyPath: m_RootOrder
      value: 7
      objectReference: {fileID: 0}
    - target: {fileID: 8119703389493041442, guid: f76bc534d0e244d4a87835ede1011540,
        type: 3}
      propertyPath: m_LocalEulerAnglesHint.x
      value: 0
      objectReference: {fileID: 0}
    - target: {fileID: 8119703389493041442, guid: f76bc534d0e244d4a87835ede1011540,
        type: 3}
      propertyPath: m_LocalEulerAnglesHint.y
      value: 238.44598
      objectReference: {fileID: 0}
    - target: {fileID: 8119703389493041442, guid: f76bc534d0e244d4a87835ede1011540,
        type: 3}
      propertyPath: m_LocalEulerAnglesHint.z
      value: -90.00001
      objectReference: {fileID: 0}
    m_RemovedComponents: []
  m_SourcePrefab: {fileID: 100100000, guid: f76bc534d0e244d4a87835ede1011540, type: 3}
--- !u!4 &4325189980935105665 stripped
Transform:
  m_CorrespondingSourceObject: {fileID: 8119703389493041442, guid: f76bc534d0e244d4a87835ede1011540,
    type: 3}
  m_PrefabInstance: {fileID: 5523896292926010787}
  m_PrefabAsset: {fileID: 0}
--- !u!1001 &5525982185197548497
PrefabInstance:
  m_ObjectHideFlags: 0
  serializedVersion: 2
  m_Modification:
    m_TransformParent: {fileID: 4519758748818884121}
    m_Modifications:
    - target: {fileID: 1178146976053127761, guid: 804f709e570d93845ac09a639d6cb16f,
        type: 3}
      propertyPath: m_Name
      value: Credit card (1)
      objectReference: {fileID: 0}
    - target: {fileID: 2738971108686305346, guid: 804f709e570d93845ac09a639d6cb16f,
        type: 3}
      propertyPath: m_LocalPosition.x
      value: -0.6835406
      objectReference: {fileID: 0}
    - target: {fileID: 2738971108686305346, guid: 804f709e570d93845ac09a639d6cb16f,
        type: 3}
      propertyPath: m_LocalPosition.y
      value: 0.0426776
      objectReference: {fileID: 0}
    - target: {fileID: 2738971108686305346, guid: 804f709e570d93845ac09a639d6cb16f,
        type: 3}
      propertyPath: m_LocalPosition.z
      value: -0.32942554
      objectReference: {fileID: 0}
    - target: {fileID: 2738971108686305346, guid: 804f709e570d93845ac09a639d6cb16f,
        type: 3}
      propertyPath: m_LocalRotation.x
      value: -0.68873906
      objectReference: {fileID: 0}
    - target: {fileID: 2738971108686305346, guid: 804f709e570d93845ac09a639d6cb16f,
        type: 3}
      propertyPath: m_LocalRotation.y
      value: -0.45814273
      objectReference: {fileID: 0}
    - target: {fileID: 2738971108686305346, guid: 804f709e570d93845ac09a639d6cb16f,
        type: 3}
      propertyPath: m_LocalRotation.z
      value: -0.16012171
      objectReference: {fileID: 0}
    - target: {fileID: 2738971108686305346, guid: 804f709e570d93845ac09a639d6cb16f,
        type: 3}
      propertyPath: m_LocalRotation.w
      value: 0.5386138
      objectReference: {fileID: 0}
    - target: {fileID: 2738971108686305346, guid: 804f709e570d93845ac09a639d6cb16f,
        type: 3}
      propertyPath: m_RootOrder
      value: 3
      objectReference: {fileID: 0}
    - target: {fileID: 2738971108686305346, guid: 804f709e570d93845ac09a639d6cb16f,
        type: 3}
      propertyPath: m_LocalEulerAnglesHint.x
      value: -117.296
      objectReference: {fileID: 0}
    - target: {fileID: 2738971108686305346, guid: 804f709e570d93845ac09a639d6cb16f,
        type: 3}
      propertyPath: m_LocalEulerAnglesHint.y
      value: 36.528
      objectReference: {fileID: 0}
    - target: {fileID: 2738971108686305346, guid: 804f709e570d93845ac09a639d6cb16f,
        type: 3}
      propertyPath: m_LocalEulerAnglesHint.z
      value: -90
      objectReference: {fileID: 0}
    m_RemovedComponents: []
  m_SourcePrefab: {fileID: 100100000, guid: 804f709e570d93845ac09a639d6cb16f, type: 3}
--- !u!4 &7688484809053055891 stripped
Transform:
  m_CorrespondingSourceObject: {fileID: 2738971108686305346, guid: 804f709e570d93845ac09a639d6cb16f,
    type: 3}
  m_PrefabInstance: {fileID: 5525982185197548497}
  m_PrefabAsset: {fileID: 0}
--- !u!1001 &7166138407359868129
PrefabInstance:
  m_ObjectHideFlags: 0
  serializedVersion: 2
  m_Modification:
    m_TransformParent: {fileID: 4446727171633385710}
    m_Modifications:
    - target: {fileID: 3474331627079585014, guid: 2d7cf545fc219804ea38c21ef232b0fc,
        type: 3}
      propertyPath: m_Name
      value: Outdoor table
      objectReference: {fileID: 0}
    - target: {fileID: 3474331627079585014, guid: 2d7cf545fc219804ea38c21ef232b0fc,
        type: 3}
      propertyPath: m_IsActive
      value: 1
      objectReference: {fileID: 0}
    - target: {fileID: 462771164367634149, guid: 2d7cf545fc219804ea38c21ef232b0fc,
        type: 3}
      propertyPath: m_LocalPosition.x
      value: 0
      objectReference: {fileID: 0}
    - target: {fileID: 462771164367634149, guid: 2d7cf545fc219804ea38c21ef232b0fc,
        type: 3}
      propertyPath: m_LocalPosition.y
      value: -0.7
      objectReference: {fileID: 0}
    - target: {fileID: 462771164367634149, guid: 2d7cf545fc219804ea38c21ef232b0fc,
        type: 3}
      propertyPath: m_LocalPosition.z
      value: 0
      objectReference: {fileID: 0}
    - target: {fileID: 462771164367634149, guid: 2d7cf545fc219804ea38c21ef232b0fc,
        type: 3}
      propertyPath: m_LocalRotation.x
      value: -0.7071068
      objectReference: {fileID: 0}
    - target: {fileID: 462771164367634149, guid: 2d7cf545fc219804ea38c21ef232b0fc,
        type: 3}
      propertyPath: m_LocalRotation.y
      value: 0
      objectReference: {fileID: 0}
    - target: {fileID: 462771164367634149, guid: 2d7cf545fc219804ea38c21ef232b0fc,
        type: 3}
      propertyPath: m_LocalRotation.z
      value: 0
      objectReference: {fileID: 0}
    - target: {fileID: 462771164367634149, guid: 2d7cf545fc219804ea38c21ef232b0fc,
        type: 3}
      propertyPath: m_LocalRotation.w
      value: 0.7071068
      objectReference: {fileID: 0}
    - target: {fileID: 462771164367634149, guid: 2d7cf545fc219804ea38c21ef232b0fc,
        type: 3}
      propertyPath: m_RootOrder
      value: 1
      objectReference: {fileID: 0}
    - target: {fileID: 462771164367634149, guid: 2d7cf545fc219804ea38c21ef232b0fc,
        type: 3}
      propertyPath: m_LocalEulerAnglesHint.x
      value: -90
      objectReference: {fileID: 0}
    - target: {fileID: 462771164367634149, guid: 2d7cf545fc219804ea38c21ef232b0fc,
        type: 3}
      propertyPath: m_LocalEulerAnglesHint.y
      value: 0
      objectReference: {fileID: 0}
    - target: {fileID: 462771164367634149, guid: 2d7cf545fc219804ea38c21ef232b0fc,
        type: 3}
      propertyPath: m_LocalEulerAnglesHint.z
      value: 0
      objectReference: {fileID: 0}
    - target: {fileID: 2713381250139708654, guid: 2d7cf545fc219804ea38c21ef232b0fc,
        type: 3}
      propertyPath: m_Enabled
      value: 0
      objectReference: {fileID: 0}
    m_RemovedComponents: []
  m_SourcePrefab: {fileID: 100100000, guid: 2d7cf545fc219804ea38c21ef232b0fc, type: 3}
--- !u!4 &7286590026704146948 stripped
Transform:
  m_CorrespondingSourceObject: {fileID: 462771164367634149, guid: 2d7cf545fc219804ea38c21ef232b0fc,
    type: 3}
  m_PrefabInstance: {fileID: 7166138407359868129}
  m_PrefabAsset: {fileID: 0}
--- !u!1001 &7503174620711036251
PrefabInstance:
  m_ObjectHideFlags: 0
  serializedVersion: 2
  m_Modification:
    m_TransformParent: {fileID: 4519758748818884121}
    m_Modifications:
    - target: {fileID: 3194045501061885794, guid: 2d8501881b82b0047970dd3d5fe352d7,
        type: 3}
      propertyPath: m_Name
      value: Ashtray (5)
      objectReference: {fileID: 0}
    - target: {fileID: 1875994080227138929, guid: 2d8501881b82b0047970dd3d5fe352d7,
        type: 3}
      propertyPath: m_LocalPosition.x
      value: -0.11
      objectReference: {fileID: 0}
    - target: {fileID: 1875994080227138929, guid: 2d8501881b82b0047970dd3d5fe352d7,
        type: 3}
      propertyPath: m_LocalPosition.y
      value: 0.02
      objectReference: {fileID: 0}
    - target: {fileID: 1875994080227138929, guid: 2d8501881b82b0047970dd3d5fe352d7,
        type: 3}
      propertyPath: m_LocalPosition.z
      value: -0.446
      objectReference: {fileID: 0}
    - target: {fileID: 1875994080227138929, guid: 2d8501881b82b0047970dd3d5fe352d7,
        type: 3}
      propertyPath: m_LocalRotation.x
      value: 0.0000020191073
      objectReference: {fileID: 0}
    - target: {fileID: 1875994080227138929, guid: 2d8501881b82b0047970dd3d5fe352d7,
        type: 3}
      propertyPath: m_LocalRotation.y
      value: -0.7071068
      objectReference: {fileID: 0}
    - target: {fileID: 1875994080227138929, guid: 2d8501881b82b0047970dd3d5fe352d7,
        type: 3}
      propertyPath: m_LocalRotation.z
      value: -0.7071068
      objectReference: {fileID: 0}
    - target: {fileID: 1875994080227138929, guid: 2d8501881b82b0047970dd3d5fe352d7,
        type: 3}
      propertyPath: m_LocalRotation.w
      value: 0.0000020191073
      objectReference: {fileID: 0}
    - target: {fileID: 1875994080227138929, guid: 2d8501881b82b0047970dd3d5fe352d7,
        type: 3}
      propertyPath: m_RootOrder
      value: 6
      objectReference: {fileID: 0}
    - target: {fileID: 1875994080227138929, guid: 2d8501881b82b0047970dd3d5fe352d7,
        type: 3}
      propertyPath: m_LocalEulerAnglesHint.x
      value: -89.99999
      objectReference: {fileID: 0}
    - target: {fileID: 1875994080227138929, guid: 2d8501881b82b0047970dd3d5fe352d7,
        type: 3}
      propertyPath: m_LocalEulerAnglesHint.y
      value: -180
      objectReference: {fileID: 0}
    - target: {fileID: 1875994080227138929, guid: 2d8501881b82b0047970dd3d5fe352d7,
        type: 3}
      propertyPath: m_LocalEulerAnglesHint.z
      value: -0.000015258789
      objectReference: {fileID: 0}
    m_RemovedComponents: []
  m_SourcePrefab: {fileID: 100100000, guid: 2d8501881b82b0047970dd3d5fe352d7, type: 3}
--- !u!4 &8225964620764526634 stripped
Transform:
  m_CorrespondingSourceObject: {fileID: 1875994080227138929, guid: 2d8501881b82b0047970dd3d5fe352d7,
    type: 3}
  m_PrefabInstance: {fileID: 7503174620711036251}
  m_PrefabAsset: {fileID: 0}
--- !u!1001 &7658265044213471337
PrefabInstance:
  m_ObjectHideFlags: 0
  serializedVersion: 2
  m_Modification:
    m_TransformParent: {fileID: 4519758748818884121}
    m_Modifications:
    - target: {fileID: 1178146976053127761, guid: 804f709e570d93845ac09a639d6cb16f,
        type: 3}
      propertyPath: m_Name
      value: Credit card (4)
      objectReference: {fileID: 0}
    - target: {fileID: 2738971108686305346, guid: 804f709e570d93845ac09a639d6cb16f,
        type: 3}
      propertyPath: m_LocalPosition.x
      value: -0.2752
      objectReference: {fileID: 0}
    - target: {fileID: 2738971108686305346, guid: 804f709e570d93845ac09a639d6cb16f,
        type: 3}
      propertyPath: m_LocalPosition.y
      value: 0.0394
      objectReference: {fileID: 0}
    - target: {fileID: 2738971108686305346, guid: 804f709e570d93845ac09a639d6cb16f,
        type: 3}
      propertyPath: m_LocalPosition.z
      value: -0.0045
      objectReference: {fileID: 0}
    - target: {fileID: 2738971108686305346, guid: 804f709e570d93845ac09a639d6cb16f,
        type: 3}
      propertyPath: m_LocalRotation.x
      value: 0.52013063
      objectReference: {fileID: 0}
    - target: {fileID: 2738971108686305346, guid: 804f709e570d93845ac09a639d6cb16f,
        type: 3}
      propertyPath: m_LocalRotation.y
      value: -0.18715481
      objectReference: {fileID: 0}
    - target: {fileID: 2738971108686305346, guid: 804f709e570d93845ac09a639d6cb16f,
        type: 3}
      propertyPath: m_LocalRotation.z
      value: -0.4790246
      objectReference: {fileID: 0}
    - target: {fileID: 2738971108686305346, guid: 804f709e570d93845ac09a639d6cb16f,
        type: 3}
      propertyPath: m_LocalRotation.w
      value: -0.68188906
      objectReference: {fileID: 0}
    - target: {fileID: 2738971108686305346, guid: 804f709e570d93845ac09a639d6cb16f,
        type: 3}
      propertyPath: m_RootOrder
      value: 8
      objectReference: {fileID: 0}
    - target: {fileID: 2738971108686305346, guid: 804f709e570d93845ac09a639d6cb16f,
        type: 3}
      propertyPath: m_LocalEulerAnglesHint.x
      value: -117.296
      objectReference: {fileID: 0}
    - target: {fileID: 2738971108686305346, guid: 804f709e570d93845ac09a639d6cb16f,
        type: 3}
      propertyPath: m_LocalEulerAnglesHint.y
      value: 147.992
      objectReference: {fileID: 0}
    - target: {fileID: 2738971108686305346, guid: 804f709e570d93845ac09a639d6cb16f,
        type: 3}
      propertyPath: m_LocalEulerAnglesHint.z
      value: 270
      objectReference: {fileID: 0}
    m_RemovedComponents: []
  m_SourcePrefab: {fileID: 100100000, guid: 804f709e570d93845ac09a639d6cb16f, type: 3}
--- !u!4 &5495896560643113003 stripped
Transform:
  m_CorrespondingSourceObject: {fileID: 2738971108686305346, guid: 804f709e570d93845ac09a639d6cb16f,
    type: 3}
  m_PrefabInstance: {fileID: 7658265044213471337}
  m_PrefabAsset: {fileID: 0}
--- !u!1001 &8457601995451503517
PrefabInstance:
  m_ObjectHideFlags: 0
  serializedVersion: 2
  m_Modification:
    m_TransformParent: {fileID: 4519758748818884121}
    m_Modifications:
    - target: {fileID: 5113172097649240881, guid: f76bc534d0e244d4a87835ede1011540,
        type: 3}
      propertyPath: m_Name
      value: Unlucky_strikes
      objectReference: {fileID: 0}
    - target: {fileID: 8119703389493041442, guid: f76bc534d0e244d4a87835ede1011540,
        type: 3}
      propertyPath: m_LocalPosition.x
      value: -0.66531545
      objectReference: {fileID: 0}
    - target: {fileID: 8119703389493041442, guid: f76bc534d0e244d4a87835ede1011540,
        type: 3}
      propertyPath: m_LocalPosition.y
      value: 0.02
      objectReference: {fileID: 0}
    - target: {fileID: 8119703389493041442, guid: f76bc534d0e244d4a87835ede1011540,
        type: 3}
      propertyPath: m_LocalPosition.z
      value: -0.3028097
      objectReference: {fileID: 0}
    - target: {fileID: 8119703389493041442, guid: f76bc534d0e244d4a87835ede1011540,
        type: 3}
      propertyPath: m_LocalRotation.x
      value: -0.63276553
      objectReference: {fileID: 0}
    - target: {fileID: 8119703389493041442, guid: f76bc534d0e244d4a87835ede1011540,
        type: 3}
      propertyPath: m_LocalRotation.y
      value: 0.6327652
      objectReference: {fileID: 0}
    - target: {fileID: 8119703389493041442, guid: f76bc534d0e244d4a87835ede1011540,
        type: 3}
      propertyPath: m_LocalRotation.z
      value: -0.3156075
      objectReference: {fileID: 0}
    - target: {fileID: 8119703389493041442, guid: f76bc534d0e244d4a87835ede1011540,
        type: 3}
      propertyPath: m_LocalRotation.w
      value: 0.31560728
      objectReference: {fileID: 0}
    - target: {fileID: 8119703389493041442, guid: f76bc534d0e244d4a87835ede1011540,
        type: 3}
      propertyPath: m_RootOrder
      value: 2
      objectReference: {fileID: 0}
    - target: {fileID: 8119703389493041442, guid: f76bc534d0e244d4a87835ede1011540,
        type: 3}
      propertyPath: m_LocalEulerAnglesHint.x
      value: 0
      objectReference: {fileID: 0}
    - target: {fileID: 8119703389493041442, guid: f76bc534d0e244d4a87835ede1011540,
        type: 3}
      propertyPath: m_LocalEulerAnglesHint.y
      value: 126.982
      objectReference: {fileID: 0}
    - target: {fileID: 8119703389493041442, guid: f76bc534d0e244d4a87835ede1011540,
        type: 3}
      propertyPath: m_LocalEulerAnglesHint.z
      value: -90.00001
      objectReference: {fileID: 0}
    m_RemovedComponents: []
  m_SourcePrefab: {fileID: 100100000, guid: f76bc534d0e244d4a87835ede1011540, type: 3}
--- !u!4 &428276281000397503 stripped
Transform:
  m_CorrespondingSourceObject: {fileID: 8119703389493041442, guid: f76bc534d0e244d4a87835ede1011540,
    type: 3}
  m_PrefabInstance: {fileID: 8457601995451503517}
  m_PrefabAsset: {fileID: 0}
